[Event "Titled Tuesday Blitz February 28 Early 2023"]
[White "Ezat, Mohamed"]
[Black "Alhadad, Mahmoud"]
[WhiteFideId "10600906"]
[BlackFideId "11501863"]
[WhiteElo "2388"]
[BlackElo "1955"]
[Result "1-0"]
[Round "03"]
[TimeControl "180+2"]
[Date "2023.02.28"]
[WhiteClock "0:00:29"]
[BlackClock "0:00:01"]

1. d4 d5 2. c4 Nc6 3. cxd5 Qxd5 4. e3 e5 5. Nc3 Bb4 6. Bd2 Bxc3 7. Bxc3 exd4 8. Ne2 Nf6 9. Nxd4 O-O 10. Nb5 Qg5 11. h4 Qg6 12. Nxc7 Bg4 13. Qb3 Rad8 14. Bc4 Ne4 15. Nd5 Nxc3 16. Qxc3 Rfe8 17. h5 Bxh5 18. Nf4 Qg4 19. Nxh5 Ne5 20. Bf1 Rc8 21. Qb3 Qe4 22. Nf4 1-0


[Site "https://www.chess.com"]

[Event "Titled Tuesday Blitz February 28 Early 2023"]
[White "Tsyhanchuk, Stanislav"]
[Black "Omariev, Maksim"]
[WhiteFideId "13505130"]
[BlackFideId "4193423"]
[WhiteElo "2173"]
[BlackElo "2492"]
[Result "0-1"]
[Round "03"]
[TimeControl "180+2"]
[Date "2023.02.28"]
[WhiteClock "0:00:15"]
[BlackClock "0:01:15"]

1. c4 e5 2. Nc3 Nc6 3. g3 Nf6 4. Bg2 Bc5 5. e3 O-O 6. Nge2 Re8 7. O-O e4 8. a3 d6 9. b4 Bb6 10. Qc2 Bf5 11. Na4 Ne5 12. Bb2 Qd7 13. Nf4 c6 14. Nxb6 axb6 15. h4 Nfg4 16. Qc3 f6 17. f3 Nxf3+ 18. Bxf3 exf3 19. Rxf3 Ne5 20. Rf2 Be4 21. Raf1 Qg4 22. Kh2 Nf3+ 23. Rxf3 Bxf3 24. h5 h6 25. Rf2 Re5 26. d4 Rxh5+ 27. Nxh5 Qxh5+ 28. Kg1 Qh1# 0-1


[Site "https://www.chess.com"]

[Event "Titled Tuesday Blitz February 28 Early 2023"]
[White "Dilmukhametov, Artur"]
[Black "Balla, Tamas-Kristof"]
[WhiteFideId "24179922"]
[BlackFideId "1208497"]
[WhiteElo "2199"]
[BlackElo "2334"]
[Result "0-1"]
[Round "03"]
[TimeControl "180+2"]
[Date "2023.02.28"]
[WhiteClock "0:01:38"]
[BlackClock "0:01:14"]

1. d4 d5 2. Nc3 Nf6 3. Bf4 c5 4. e3 cxd4 5. exd4 a6 6. Bd3 Nc6 7. Nf3 Bg4 8. h3 Bxf3 9. Qxf3 Nxd4 10. Qe3 Nc6 11. Qf3 e5 12. Qe2 Bd6 13. f3 O-O 14. Bg3 e4 15. Bxd6 exd3 16. Qxd3 Qxd6 17. O-O-O Rad8 18. Ne4 Nxe4 19. fxe4 d4 20. g4 Ne5 21. Qd2 Qb6 22. g5 Nc4 0-1


[Site "https://www.chess.com"]

[Event "Titled Tuesday Blitz February 28 Early 2023"]
[White "Sokac, Marko"]
[Black "Gharamian, Tigran"]
[WhiteFideId "14531356"]
[BlackFideId "13301527"]
[WhiteElo "2355"]
[BlackElo "2638"]
[Result "0-1"]
[Round "03"]
[TimeControl "180+2"]
[Date "2023.02.28"]
[WhiteClock "0:00:10"]
[BlackClock "0:00:14"]

1. e4 c6 2. Nc3 d5 3. d3 g6 4. h4 h6 5. h5 g5 6. f4 gxf4 7. Bxf4 Bg7 8. Nge2 e5 9. Bg3 d4 10. Nb1 Nf6 11. Ng1 Ng4 12. Bf2 Nxf2 13. Kxf2 Be6 14. Nd2 Nd7 15. Be2 Nf6 16. Ngf3 Ng4+ 17. Kg3 Bf6 18. Nxd4 Qxd4 19. Bxg4 Rg8 20. Nf3 Rxg4+ 21. Kh2 Qe3 22. Re1 Qf4+ 23. Kh1 O-O-O 24. Qe2 Rdg8 25. Rf1 Rg3 26. Nh2 Qh4 27. Rf2 Bg5 28. Raf1 Bf4 29. c3 Bg4 30. Rxf4 exf4 31. Rxf4 Qxh5 32. Qf2 Bd7 33. Rxf7 Qg5 34. Qxa7 Rxg2 35. Qa8+ Kc7 36. Rxd7+ Kxd7 37. Qxb7+ Ke8 38. Qxc6+ Kf7 39. Qd7+ Kf8 40. Qc8+ Kg7 41. Qd7+ Kh8 42. Qd4+ Kh7 43. Qd7+ Rg7 44. Qd4 Rxh2+ 45. Kxh2 Qh4# 0-1


[Site "https://www.chess.com"]

[Event "Titled Tuesday Blitz February 28 Early 2023"]
[White "Golubev, Mikhail"]
[Black "Jiganchine, Roman"]
[WhiteFideId "14100983"]
[BlackFideId "2603667"]
[WhiteElo "2374"]
[BlackElo "2271"]
[Result "0-1"]
[Round "03"]
[TimeControl "180+2"]
[Date "2023.02.28"]
[WhiteClock "0:00:06"]
[BlackClock "0:00:06"]

1. d4 d5 2. Nf3 Nf6 3. c4 e6 4. Nc3 c5 5. cxd5 cxd4 6. Qxd4 exd5 7. Bg5 Be7 8. e4 dxe4 9. Bxf6 Bxf6 10. Qxe4+ Be6 11. Bc4 O-O 12. Bxe6 Re8 13. O-O Rxe6 14. Qxb7 Nc6 15. Rad1 Qc8 16. Rd7 Qxb7 17. Rxb7 Na5 18. Rc7 Rb8 19. b3 h6 20. Nd5 Bd8 21. Rxa7 Nc6 22. Rd7 Re2 23. Rc1 Ne7 24. Nxe7+ Bxe7 25. h3 Bf6 26. Rcc7 Rxa2 27. Rxf7 Rxb3 28. Rfd7 Rbb2 29. Rc8+ Kh7 30. Rdd8 Rxf2 31. Rh8+ Kg6 32. Ne1 Bd4 33. Rhd8 Rxg2+ 0-1


[Site "https://www.chess.com"]

[Event "Titled Tuesday Blitz February 28 Early 2023"]
[White "Arencibia Monduy, Antonio"]
[Black "Martin, Lewis"]
[WhiteFideId "3507939"]
[BlackFideId "410551"]
[WhiteElo "2453"]
[BlackElo "2145"]
[Result "0-1"]
[Round "03"]
[TimeControl "180+2"]
[Date "2023.02.28"]
[WhiteClock "0:00:01"]
[BlackClock "0:00:12"]

1. e4 c5 2. Nf3 d6 3. Bc4 e6 4. d3 a6 5. a4 Nf6 6. O-O Nc6 7. c3 Be7 8. Bb3 O-O 9. Re1 b6 10. Nbd2 Bb7 11. Nf1 b5 12. Ng3 Qc7 13. d4 cxd4 14. cxd4 Na5 15. Bc2 Rac8 16. Bd3 Rfd8 17. axb5 axb5 18. Bxb5 Qb6 19. Ba4 d5 20. e5 Ne4 21. Bd2 Nc4 22. b3 Ncxd2 23. Nxd2 Nc3 24. Qg4 Bb4 25. Nh5 Bf8 26. Nf3 Ne4 27. Rad1 Rc2 28. Nf6+ Nxf6 29. exf6 Kh8 30. fxg7+ Bxg7 31. Qg5 Rg8 32. Qf4 Qc7 33. Qxc7 Rxc7 34. Rc1 Rgc8 35. Rxc7 Rxc7 36. h4 Ba6 37. Kh2 Kg8 38. Rb1 Bd3 39. Re1 Kf8 40. Kg3 Be4 41. Kf4 Rc2 42. Re3 Rxf2 43. Kg3 Rb2 44. Ne5 Rxg2+ 45. Kh3 Rg1 46. Rc3 Bxe5 47. dxe5 Kg7 48. Rc7 Rb1 49. Kg3 Bf5 50. Kf4 Rf1+ 51. Ke3 Rh1 52. Kd4 Rxh4+ 53. Kc5 Rh1 54. b4 Rb1 55. b5 h5 56. Kd6 h4 0-1


[Site "https://www.chess.com"]

[Event "Titled Tuesday Blitz February 28 Early 2023"]
[White "Kaufman, Raymond"]
[Black "Sanchez, Robert"]
[WhiteFideId "2015056"]
[BlackFideId "2034360"]
[WhiteElo "2321"]
[BlackElo "2440"]
[Result "1/2-1/2"]
[Round "03"]
[TimeControl "180+2"]
[Date "2023.02.28"]
[WhiteClock "0:00:18"]
[BlackClock "0:00:07"]

1. c4 c6 2. g3 d5 3. Bg2 Nf6 4. Nf3 e6 5. O-O Be7 6. Qc2 O-O 7. b3 a5 8. Bb2 Na6 9. a3 Bd7 10. d4 Rc8 11. Ne5 c5 12. Nxd7 Qxd7 13. dxc5 Nxc5 14. Nc3 dxc4 15. bxc4 Rfd8 16. Rfd1 Qe8 17. Nb5 a4 18. Rxd8 Qxd8 19. Rd1 Qe8 20. Be5 Rd8 21. Nc7 Rxd1+ 22. Qxd1 Qd7 23. Qxd7 Nfxd7 24. Bd4 b6 25. Nb5 Nb3 26. Bc3 Bf6 27. Bb4 Bd4 28. e3 Bc5 29. Bc3 Kf8 30. Bc6 Nb8 31. Be4 f5 32. Bc2 Ke7 33. Kf1 g6 34. Ke2 Nc6 35. f4 Nca5 36. Kd3 Nc6 37. Ke2 Nca5 38. Kd3 Nc6 39. e4 Nc1+ 40. Kd2 Nb3+ 41. Kd3 Nc1+ 42. Kd2 Nb3+ 43. Kd3 1/2-1/2


[Site "https://www.chess.com"]

[Event "Titled Tuesday Blitz February 28 Early 2023"]
[White "Da Silva Borges, Rodrigo"]
[Black "Slade, Theodore"]
[WhiteFideId "2115778"]
[BlackFideId "426547"]
[WhiteElo "2099"]
[BlackElo "1964"]
[Result "1/2-1/2"]
[Round "03"]
[TimeControl "180+2"]
[Date "2023.02.28"]
[WhiteClock "0:00:02"]
[BlackClock "0:00:03"]

1. e4 e5 2. Nf3 Nc6 3. Bb5 Nf6 4. O-O Nxe4 5. Re1 Nd6 6. Nxe5 Be7 7. Bd3 Nxe5 8. Rxe5 O-O 9. Nc3 c6 10. b3 Bf6 11. Re3 Re8 12. Ba3 Rxe3 13. fxe3 Ne8 14. Qh5 g6 15. Qf3 d5 16. Rf1 Be6 17. Ne2 Bg7 18. Nf4 Qf6 19. Nxe6 Qxf3 20. Rxf3 fxe6 21. c4 Nf6 22. cxd5 exd5 23. h3 Nd7 24. Be2 Ne5 25. Rf1 Rd8 26. Kf2 d4 27. Bc5 d3 28. Bd1 b6 29. Bd4 c5 30. Bc3 Kf7 31. Kg3+ Ke6 32. Bg4+ Ke7 33. h4 h5 34. Bh3 b5 35. a3 Bf6 36. Rxf6 Kxf6 37. Kf4 Re8 38. g4 hxg4 39. Bxg4 a5 40. h5 gxh5 41. Bxh5 Re7 42. a4 b4 43. Bb2 Re6 44. Bg4 Re8 45. Bf5 Re7 46. Bxd3 Re8 47. Be4 Re7 48. Bg2 Re8 49. Bh3 Re7 50. Ke4 Re8 51. Kd5 Rd8+ 52. Kxc5 Rxd2 53. Bd4 Rc2+ 54. Kb5 Rc3 55. Kxa5 Rxb3 56. Kb5 Rb1 57. a5 b3 58. a6 b2 59. a7 Ra1 60. Bxb2 Rxa7 61. Bd4 Rb7+ 62. Kc5 Re7 63. Kd5 Re8 64. Bg2 Rd8+ 65. Ke4 Re8 66. Bh3 Re7 67. Bf5 Re8 68. Bh3 Re7 69. Bf5 Re8 70. Kf4 Re7 71. e4 Re8 72. Ke3 Kg5 73. Bc5 Nf7 74. Kd3 Kf6 75. Bd4+ Ke7 76. e5 Rd8 77. Ke4 Rh8 78. Bc5+ Ke8 79. e6 Rh4+ 80. Kd5 Nd8 81. e7 Nf7 82. Bg6 Rg4 83. Bf5 Rg5 84. Ke6 Rh5 85. Be3 Ng5+ 86. Kf6 Nh7+ 87. Kg6 Rxf5 88. Kxf5 Kxe7 1/2-1/2


[Site "https://www.chess.com"]

[Event "Titled Tuesday Blitz February 28 Early 2023"]
[White "Sreyas Payyappat"]
[Black "Einarsson, Halldor Gretar"]
[WhiteFideId "46674969"]
[BlackFideId "2300150"]
[WhiteElo "2083"]
[BlackElo "2126"]
[Result "1-0"]
[Round "03"]
[TimeControl "180+2"]
[Date "2023.02.28"]
[WhiteClock "0:00:17"]
[BlackClock "0:00:01"]

1. e4 c5 2. Nf3 Nc6 3. d4 cxd4 4. Nxd4 Nf6 5. Nc3 e5 6. Ndb5 d6 7. Bg5 a6 8. Na3 b5 9. Nd5 Be7 10. Bxf6 Bxf6 11. c4 b4 12. Nc2 a5 13. g3 Bg5 14. Bg2 O-O 15. O-O Ne7 16. f4 Nxd5 17. Qxd5 Be6 18. Qd3 exf4 19. gxf4 Bf6 20. Rab1 Qb6+ 21. Kh1 Rac8 22. b3 a4 23. Rbd1 axb3 24. axb3 Bg4 25. Bf3 Bxf3+ 26. Rxf3 Rcd8 27. Ne3 Qb8 28. Rg1 g6 29. Nd5 Bg7 30. f5 Rfe8 31. f6 Bh6 32. Rh3 Bf8 33. Qf3 Re5 34. Qf4 Rde8 35. Qh4 h5 36. Qf2 1-0


[Site "https://www.chess.com"]

[Event "Titled Tuesday Blitz February 28 Early 2023"]
[White "Sohier, Julien"]
[Black "Grot, Blazej"]
[WhiteFideId "645346"]
[BlackFideId "21835845"]
[WhiteElo "2209"]
[BlackElo "1823"]
[Result "0-1"]
[Round "03"]
[TimeControl "180+2"]
[Date "2023.02.28"]
[WhiteClock "0:01:45"]
[BlackClock "0:01:48"]

1. e4 c5 2. Nc3 e6 3. Nf3 Nc6 4. Bb5 Nge7 5. O-O a6 6. Bxc6 Nxc6 7. Re1 d6 8. d4 cxd4 9. Nd5 exd5 10. exd5+ Ne5 11. Nxd4 Be7 12. f4 Ng6 13. f5 Ne5 14. Bf4 Bf6 15. Qh5 O-O 16. Re3 g6 17. fxg6 fxg6 18. Rg3 Bg7 19. Qe2 Rxf4 0-1


[Site "https://www.chess.com"]

[Event "Titled Tuesday Blitz February 28 Early 2023"]
[White "parintele_chess"]
[Black "Sernecki, Franciszek"]
[BlackFideId "1169297"]
[WhiteElo "2249"]
[BlackElo "2210"]
[Result "0-1"]
[Round "03"]
[TimeControl "180+2"]
[Date "2023.02.28"]
[WhiteClock "0:00:04"]
[BlackClock "0:01:04"]

1. d4 d5 2. Bf4 Nf6 3. Nf3 c5 4. e3 Nc6 5. Nbd2 Bg4 6. c3 e6 7. Be2 Bd6 8. Ne5 Bxe2 9. Qxe2 Bxe5 10. dxe5 Nd7 11. Nf3 Qc7 12. e4 d4 13. cxd4 cxd4 14. O-O O-O 15. Rac1 Qa5 16. Rfd1 Ndxe5 17. Nxe5 Nxe5 18. Rxd4 Rfd8 19. Bxe5 Qxe5 20. Rxd8+ Rxd8 21. g3 g5 22. b4 h6 23. Rc5 Qd4 24. Qc4 Qa1+ 25. Kg2 Rd1 26. Rc8+ Kh7 27. Rc7 Rg1+ 28. Kh3 Qg7 29. g4 Qf6 30. Qe2 h5 31. f3 hxg4+ 32. fxg4 Qh6# 0-1


[Site "https://www.chess.com"]

[Event "Titled Tuesday Blitz February 28 Early 2023"]
[White "Buksa, Nataliya"]
[Black "Mendez Machado, Andre"]
[WhiteFideId "14123622"]
[BlackFideId "6603793"]
[WhiteElo "2316"]
[BlackElo "1989"]
[Result "1-0"]
[Round "03"]
[TimeControl "180+2"]
[Date "2023.02.28"]
[WhiteClock "0:01:47"]
[BlackClock "0:00:11"]

1. d4 Nf6 2. Nc3 d5 3. Bf4 e6 4. Nb5 Na6 5. e3 c6 6. Nc3 Be7 7. Nf3 Qa5 8. Bd3 Nh5 9. Be5 f6 10. Bg3 Nxg3 11. hxg3 h6 12. Bg6+ Kd8 13. O-O Nc7 14. e4 b5 15. exd5 cxd5 16. a3 Rb8 17. Bd3 a6 18. Re1 b4 19. axb4 Qxb4 20. Ra2 h5 21. Ne2 g5 22. Nc1 h4 23. g4 Qb6 24. Nb3 Bd7 25. Qe2 Bb5 26. Bxb5 Qxb5 27. Qe3 Qc6 28. Qd3 Bd6 29. Nbd2 h3 30. gxh3 Rxh3 31. Kg2 Rh8 32. Qg6 Ke7 33. Qg7+ 1-0


[Site "https://www.chess.com"]

[Event "Titled Tuesday Blitz February 28 Early 2023"]
[White "Tagliati, Eleonore"]
[Black "Albertini, Luca"]
[WhiteFideId "45172234"]
[BlackFideId "847038"]
[WhiteElo "2233"]
[BlackElo "2197"]
[Result "0-1"]
[Round "03"]
[TimeControl "180+2"]
[Date "2023.02.28"]
[WhiteClock "0:00:17"]
[BlackClock "0:01:26"]

1. e4 e5 2. Nf3 Nc6 3. d4 exd4 4. Nxd4 Nf6 5. Nxc6 bxc6 6. e5 Qe7 7. Qe2 Nd5 8. h4 g6 9. h5 a5 10. c4 Ba6 11. Nd2 Bg7 12. Nf3 Nb4 13. a3 Nd5 14. h6 Bf8 15. Bg5 Qc5 16. Qe4 Nb6 17. Be3 Qe7 18. Be2 d5 19. cxd5 Bxe2 20. Kxe2 cxd5 21. Qd4 c5 22. Qd1 d4 23. Bg5 Qb7 24. Qd3 Be7 25. Bxe7 Kxe7 26. Rac1 Qd5 27. Rh4 Rac8 28. Qb5 Rc6 29. Qxa5 d3+ 30. Kf1 Rd8 31. Rd1 c4 32. Qb4+ Qc5 33. Qxc5+ Rxc5 34. Ke1 Rb5 35. Rd2 Rc8 36. Rd4 Na4 37. Ng5 Rxb2 38. Rxb2 Nxb2 39. Ne4 c3 40. f4 c2 0-1


[Site "https://www.chess.com"]

[Event "Titled Tuesday Blitz February 28 Early 2023"]
[White "Bogaudinov, Rushan"]
[Black "Simonovic, Miroslav"]
[WhiteFideId "4129288"]
[BlackFideId "919152"]
[WhiteElo "2063"]
[BlackElo "2057"]
[Result "1-0"]
[Round "03"]
[TimeControl "180+2"]
[Date "2023.02.28"]
[WhiteClock "0:00:49"]
[BlackClock "0:00:07"]

1. d4 Nf6 2. Nf3 c5 3. e3 b6 4. Be2 Bb7 5. O-O g6 6. c4 Bg7 7. Nc3 O-O 8. b3 d6 9. Bb2 Re8 10. a4 a5 11. d5 e5 12. e4 h6 13. Nb5 Na6 14. Ne1 Nxe4 15. Bd3 Nf6 16. f3 Nb4 17. Be4 Nxe4 18. fxe4 Ba6 19. Bc3 Bxb5 20. axb5 Qg5 21. Qd2 Qxd2 22. Bxd2 Rf8 23. g4 Rae8 24. Kg2 f5 25. Bxb4 cxb4 26. gxf5 gxf5 27. exf5 e4 28. Ra2 Bc3 29. Re2 Re5 30. Rf4 Rfe8 31. Nc2 Kf7 32. Ne3 h5 33. Rh4 Rh8 34. Kh3 Bd4 35. Nc2 Bc5 36. Rhxe4 Rxe4 37. Rxe4 Kf6 38. Ne3 Bxe3 39. Rxe3 Kxf5 40. Re6 a4 41. bxa4 Ra8 42. Rxd6 b3 43. Re6 b2 44. Re1 Rxa4 45. Rb1 Rb4 46. Kg3 Ke5 47. Kf3 Kd4 48. d6 Kc3 49. d7 Kc2 50. Rxb2+ Rxb2 51. d8=Q Kb3 52. Qd3+ Kb4 53. Qd4 Rb3+ 54. Ke4 Rc3 55. Kd5 Rc2 56. Qxb6 Rxc4 57. Qd6+ Kb3 58. b6 Rc2 59. b7 Rd2+ 60. Ke6 Rxd6+ 61. Kxd6 Kc4 62. b8=Q Kd3 63. Qb3+ 1-0


[Site "https://www.chess.com"]

[Event "Titled Tuesday Blitz February 28 Early 2023"]
[White "Chakravarthi Reddy, M"]
[Black "Ardila, Oscar Humberto"]
[WhiteFideId "25009532"]
[BlackFideId "4404742"]
[WhiteElo "2201"]
[BlackElo "1946"]
[Result "0-1"]
[Round "03"]
[TimeControl "180+2"]
[Date "2023.02.28"]
[WhiteClock "0:00:03"]
[BlackClock "0:00:14"]

1. c4 Nf6 2. Nc3 g6 3. d4 Bg7 4. e4 d6 5. Nf3 O-O 6. Be2 Nbd7 7. O-O c6 8. Re1 Qc7 9. Qc2 e5 10. h3 Re8 11. Be3 a5 12. dxe5 dxe5 13. Red1 b6 14. Rd2 Nc5 15. Rad1 Ne6 16. Na4 c5 17. Nc3 Nd4 18. Bxd4 exd4 19. Nb5 Qf4 20. e5 Bf5 21. Bd3 Ne4 22. Nc7 Nxd2 23. Qxd2 Qxd2 24. Rxd2 Bxd3 25. Rxd3 Rad8 26. Nxe8 Rxe8 27. Rb3 Re6 28. Kf1 h6 29. Rd3 Bxe5 30. a3 Bd6 31. b4 axb4 32. axb4 f5 33. g4 Kf7 34. b5 Kf6 35. Ra3 fxg4 36. hxg4 h5 37. gxh5 gxh5 38. Ra6 Bf4 39. Ra8 d3 40. Rd8 d2 41. Nxd2 Bxd2 42. Rxd2 Kf5 43. Rd5+ Kg4 44. Kg2 h4 45. f3+ Kf4 46. Rh5 Re2+ 47. Kh3 Kxf3 48. Rxh4 Re1 49. Kh2 Re2+ 50. Kg1 Re4 51. Rh3+ Ke2 52. Rc3 Kd2 53. Ra3 Rg4+ 54. Kf2 Rxc4 55. Ra6 Rb4 56. Rxb6 c4 57. Rd6+ Kc2 58. b6 c3 59. Ke2 Kb1 60. Rd1+ Kb2 61. Rd6 c2 62. Rd2 Kb1 0-1


[Site "https://www.chess.com"]

[Event "Titled Tuesday Blitz February 28 Early 2023"]
[White "Pourkashiyan, Atousa"]
[Black "Onslow, Alfie"]
[WhiteFideId "12502014"]
[BlackFideId "436976"]
[WhiteElo "2228"]
[BlackElo "2114"]
[Result "1-0"]
[Round "03"]
[TimeControl "180+2"]
[Date "2023.02.28"]
[WhiteClock "0:00:27"]
[BlackClock "0:00:03"]

1. e4 d6 2. d4 e5 3. dxe5 dxe5 4. Qxd8+ Kxd8 5. Bc4 Be6 6. Bxe6 fxe6 7. Nf3 Nd7 8. Nc3 Ngf6 9. Bg5 c6 10. O-O-O Kc7 11. a3 b5 12. Rd2 Bc5 13. Rhd1 Rhd8 14. Bxf6 gxf6 15. Ne2 Nb6 16. Rxd8 Rxd8 17. Rxd8 Kxd8 18. Ng3 Bxf2 19. Nh5 Ke7 20. Kd2 Nc4+ 21. Kc1 Be3+ 22. Kb1 Nd2+ 23. Nxd2 Bxd2 24. c3 f5 25. Ng3 Kf6 26. Kc2 Bf4 27. Nh5+ Kg5 28. Ng7 Bxh2 29. Nxe6+ Kf6 30. Nc5 Bg1 31. Nd7+ Ke6 32. Nf8+ Ke7 33. Nxh7 fxe4 34. Ng5 e3 35. Kd3 Kd6 36. Nh3 e4+ 37. Ke2 Bh2 38. Kxe3 Ke5 39. Nf2 Bg1 40. Ke2 c5 41. Ng4+ Kf4 42. Nf6 c4 43. Nd5+ Kg3 44. Nc7 a6 45. Nxa6 Bb6 46. Nb8 Kxg2 47. Nd7 Ba7 48. Nf6 e3 49. Nd5 Kg3 50. Nc7 Kf4 51. Nxb5 Bc5 52. Nc7 Ke5 53. Nb5 Kd5 54. a4 Kc6 55. Nd4+ Kb6 56. Kxe3 Ka5 57. Ke4 Kxa4 58. Kd5 Ba7 59. Kxc4 Bb8 60. b4 Ba7 61. b5 Bb8 62. Kd5 Ba7 63. Kc6 Bxd4 64. cxd4 1-0


[Site "https://www.chess.com"]

[Event "Titled Tuesday Blitz February 28 Early 2023"]
[White "Cueto, Jonny"]
[Black "Fan_Of_Chucky"]
[WhiteFideId "3300145"]
[WhiteElo "2212"]
[BlackElo "2408"]
[Result "0-1"]
[Round "03"]
[TimeControl "180+2"]
[Date "2023.02.28"]
[WhiteClock "0:02:13"]
[BlackClock "0:01:46"]

1. d4 c5 2. d5 Nf6 3. Nc3 e6 4. e4 exd5 5. exd5 d6 6. Bb5+ Nbd7 7. a4 a6 8. Be2 Ne5 9. f4 Ng6 10. Nf3 Be7 11. O-O O-O 12. Nd2 Bf5 13. Nc4 Bd7 0-1


[Site "https://www.chess.com"]

[Event "Titled Tuesday Blitz February 28 Early 2023"]
[White "Shubenkova, Veronika"]
[Black "Bulatova, Kamaliya"]
[WhiteFideId "44124040"]
[BlackFideId "34111546"]
[WhiteElo "2027"]
[BlackElo "2039"]
[Result "0-1"]
[Round "03"]
[TimeControl "180+2"]
[Date "2023.02.28"]
[WhiteClock "0:02:18"]
[BlackClock "0:01:43"]

1. e4 c5 2. Nc3 Nc6 3. g3 g6 4. Bg2 Bg7 5. d3 e6 6. f4 Nge7 7. Nf3 O-O 8. Be3 b6 9. O-O d5 10. Bf2 Bb7 11. e5 Nf5 12. Rb1 f6 13. exf6 Bxf6 14. Re1 Ng7 15. Ne2 e5 16. fxe5 Nxe5 17. Nf4 Ng4 18. Qd2 Nxf2 19. Qxf2 g5 20. Ne6 Nxe6 21. Rxe6 Bd4 22. Re3 g4 23. c3 Bxe3 24. Qxe3 gxf3 25. Bh3 f2+ 26. Kf1 Qf6 27. Be6+ Kh8 0-1


[Site "https://www.chess.com"]

[Event "Titled Tuesday Blitz February 28 Early 2023"]
[White "Wendt, Jan-Dietrich"]
[Black "Clawitter, Craig"]
[WhiteFideId "4623797"]
[BlackFideId "2023105"]
[WhiteElo "2302"]
[BlackElo "2221"]
[Result "0-1"]
[Round "03"]
[TimeControl "180+2"]
[Date "2023.02.28"]
[WhiteClock "0:00:21"]
[BlackClock "0:00:12"]

1. Nf3 Nf6 2. c4 e6 3. Nc3 d5 4. d4 c6 5. g3 Nbd7 6. Bg2 dxc4 7. O-O b5 8. e4 Bb7 9. Qe2 a6 10. Bf4 Be7 11. Rad1 O-O 12. Ne5 Nxe5 13. dxe5 Nd7 14. h4 Qc7 15. Qh5 g6 16. Qh6 Rfd8 17. h5 Nxe5 18. hxg6 hxg6 19. Bh3 Bf8 20. Bxe5 Qxe5 21. Qh4 Rd3 22. f4 Qd4+ 23. Kh2 b4 24. Rxd3 cxd3 25. Nd1 c5 26. Nf2 c4 27. Bg2 c3 28. bxc3 bxc3 29. e5 Bxg2 30. Kxg2 Bg7 31. Ng4 d2 32. Nf6+ Bxf6 33. Qxf6 d1=Q 34. Rxd1 Qxd1 35. f5 Qc2+ 36. Kh3 Qxf5+ 0-1


[Site "https://www.chess.com"]

[Event "Titled Tuesday Blitz February 28 Early 2023"]
[White "EdmundPlayer"]
[Black "Bennett, Patrick"]
[BlackFideId "1801228"]
[WhiteElo "2214"]
[BlackElo "2401"]
[Result "0-1"]
[Round "03"]
[TimeControl "180+2"]
[Date "2023.02.28"]
[WhiteClock "0:00:02"]
[BlackClock "0:01:50"]

1. e4 e6 2. d4 c5 3. Nd2 cxd4 4. Ngf3 Nc6 5. Bd3 d6 6. O-O e5 7. b3 Nf6 8. Bb2 Bg4 9. Re1 Be7 10. h3 Bh5 11. g4 Bg6 12. Nf1 h5 13. g5 Nh7 14. h4 f6 15. gxf6 Nxf6 16. Ng5 Ng4 17. Qd2 Qd7 18. Ng3 Rf8 19. Rf1 O-O-O 20. Bc4 Kb8 21. Ne6 Bxh4 22. Nxf8 Rxf8 23. Nf5 Bxf5 24. exf5 Qxf5 25. Rae1 Nxf2 26. Ba3 Qg4+ 27. Kh2 Qg3# 0-1


[Site "https://www.chess.com"]

[Event "Titled Tuesday Blitz February 28 Early 2023"]
[White "Nur-Mukhametova, Alisa"]
[Black "Lesbekova, Assel"]
[WhiteFideId "54117739"]
[BlackFideId "13713248"]
[WhiteElo "2007"]
[BlackElo "1799"]
[Result "1-0"]
[Round "03"]
[TimeControl "180+2"]
[Date "2023.02.28"]
[WhiteClock "0:00:17"]
[BlackClock "0:01:22"]

1. Nf3 f5 2. g3 d6 3. d4 g6 4. Bg2 Bg7 5. O-O Nf6 6. c4 O-O 7. Nc3 Nc6 8. d5 Ne5 9. Nxe5 dxe5 10. e4 f4 11. gxf4 exf4 12. Bxf4 Nxe4 13. Nxe4 Rxf4 14. Qd2 Bh6 15. Qc3 Qf8 16. Ng3 Bg4 17. Rae1 Bf3 18. Qe5 Bxg2 19. Kxg2 Re8 20. b3 Bg7 21. Qxc7 Bd4 22. Re2 h5 23. h3 h4 24. Ne4 Qf5 25. f3 Rf8 26. Qxe7 Rxf3 27. Qxf8+ Qxf8 28. Rxf3 Qh6 29. d6 g5 30. d7 Qb6 31. Nxg5 Bf6 32. Re8+ Kg7 33. Ne6+ Kh7 34. Rxf6 Qc6+ 35. Rf3 1-0


[Site "https://www.chess.com"]

[Event "Titled Tuesday Blitz February 28 Early 2023"]
[White "Rosh Jain"]
[Black "Mirzanurov, Bulat"]
[WhiteFideId "25789465"]
[BlackFideId "4184521"]
[WhiteElo "2233"]
[BlackElo "2019"]
[Result "1/2-1/2"]
[Round "03"]
[TimeControl "180+2"]
[Date "2023.02.28"]
[WhiteClock "0:00:08"]
[BlackClock "0:00:15"]

1. e4 c5 2. Nf3 d6 3. d4 cxd4 4. Nxd4 Nf6 5. Nc3 a6 6. Bc4 e6 7. Bb3 Nbd7 8. O-O Nc5 9. Bg5 Be7 10. f4 O-O 11. e5 Nfe4 12. Bxe7 Qxe7 13. Nxe4 Nxe4 14. Qf3 Nc5 15. Rae1 dxe5 16. fxe5 Nxb3 17. axb3 Qc5 18. c3 Rb8 19. b4 Qe7 20. Re4 Bd7 21. Rg4 b6 22. Qd3 a5 23. b5 Rbd8 24. Qg3 g6 25. Rh4 Qc5 26. Kh1 Bxb5 27. Qh3 h5 28. Qg3 Bxf1 29. Rxh5 Rxd4 30. cxd4 Qxd4 31. Rh4 Qd1 32. h3 Bd3+ 33. Kh2 Qd2 34. Qf3 Bf5 35. Rc4 Qd5 36. Qf4 Rd8 37. Rc3 Qd4 38. Qg5 Qxe5+ 39. Rg3 Rd3 40. h4 Qxg3+ 41. Qxg3 Rxg3 42. Kxg3 Kf8 43. Kf4 Ke7 44. g4 Bc2 45. Kg5 b5 46. Kh6 a4 47. Kg7 b4 48. h5 gxh5 49. gxh5 a3 50. h6 axb2 51. Kh8 b1=Q 52. h7 Qb2+ 53. Kg8 Bxh7+ 54. Kxh7 b3 55. Kg8 Qc2 56. Kh8 Qg2 57. Kh7 b2 58. Kh8 b1=Q 1/2-1/2


[Site "https://www.chess.com"]

[Event "Titled Tuesday Blitz February 28 Early 2023"]
[White "Tarasova, Viktoriya"]
[Black "Ruge, Edison"]
[WhiteFideId "4175840"]
[BlackFideId "4401000"]
[WhiteElo "2182"]
[BlackElo "2175"]
[Result "1-0"]
[Round "03"]
[TimeControl "180+2"]
[Date "2023.02.28"]
[WhiteClock "0:01:43"]
[BlackClock "0:00:13"]

1. d4 Nf6 2. c4 g6 3. Nc3 Bg7 4. e4 d6 5. h3 c6 6. Be3 a6 7. Be2 h5 8. Nf3 b5 9. a3 Nbd7 10. Qc2 bxc4 11. Bxc4 d5 12. Bd3 O-O 13. e5 Nh7 14. e6 Nb6 15. exf7+ Rxf7 16. Bxg6 Nf6 17. Bxf7+ Kxf7 18. Ne5+ Kg8 19. Nxc6 Qd6 20. Ne5 Be6 21. O-O Nc4 22. Bf4 Qb6 23. Nxc4 dxc4 24. Be5 Rf8 25. Rae1 Qc6 26. Re3 Nd5 27. Nxd5 Qxd5 28. Rg3 Rf7 29. Qg6 1-0


[Site "https://www.chess.com"]

[Event "Titled Tuesday Blitz February 28 Early 2023"]
[White "Kiseljova, Marya"]
[Black "Hoffmann, Asa"]
[WhiteFideId "4155009"]
[BlackFideId "2001470"]
[WhiteElo "1807"]
[BlackElo "2117"]
[Result "0-1"]
[Round "03"]
[TimeControl "180+2"]
[Date "2023.02.28"]
[WhiteClock "0:00:01"]
[BlackClock "0:00:23"]

1. d4 Nf6 2. c4 c5 3. d5 e5 4. Nc3 d6 5. g3 Be7 6. Bg2 O-O 7. Nf3 Ne8 8. O-O f5 9. Nd2 e4 10. Re1 Bf6 11. Nf1 Nd7 12. Qc2 Ne5 13. f3 exf3 14. exf3 Nxc4 15. f4 Nb6 16. Ne3 g6 17. b3 Nc7 18. Bb2 Bd7 19. Nc4 Nxc4 20. bxc4 a6 21. a4 b6 22. Qb3 Rb8 23. Re2 Bd4+ 24. Kh1 Qf6 25. Rae1 Rfe8 26. h3 g5 27. Rxe8+ Bxe8 28. fxg5 Qxg5 29. Kh2 Be5 30. Nd1 Bxb2 31. Qxb2 Bg6 32. h4 Qd8 33. Nf2 f4 34. Qc3 b5 35. cxb5 axb5 36. a5 b4 37. Qf3 fxg3+ 38. Qxg3 Kh8 39. Ng4 b3 40. h5 Bxh5 41. Nh6 Qf6 42. Rf1 Qxh6 43. Qc3+ Qg7 44. Qh3 Bg6 45. Rg1 b2 46. Be4 Ne8 47. Rxg6 Qe5+ 48. Rg3 Qxe4 49. Rg1 Qe5+ 0-1


[Site "https://www.chess.com"]